 Dungeon Crawl Stone Soup version 0.29-a0-350-g7790a0e70a (webtiles) character file.

Game seed: 3808863424891036309

437 Atlas the Sneak (level 7, 0/43 HPs)
             Began as an Octopode Air Elementalist on Apr 23, 2022.
             Slain by Edmund
             ... wielding a +1 flail of holy wrath
              (9 damage)
             ... on level 5 of the Dungeon.
             The game lasted 00:05:35 (6623 turns).

Atlas the Sneak (Octopode Air Elementalist)         Turns: 6623, Time: 00:05:36

Health: 0/43       AC:  1    Str:  8    XL:     7   Next: 1%
Magic:  4/12       EV: 13    Int: 19    God:
Gold:   254        SH:  0    Dex: 12    Spells: 3/13 levels left

rFire   . . .      SeeInvis .   o - +2 spear (venom)
rCold   . . .      Faith    .   (no shield)
rNeg    . . .      Spirit   .   (helmet restricted)
rPois   .          Reflect  .   (no amulet)
rElec   .          Harm     .   (no ring)
rCorr   .          Rampage  .   (no ring)
Will    .....                   (no ring)
Stlth   ++++......              (no ring)
HPRegen 0.14/turn               (no ring)
MPRegen 0.13/turn               (no ring)
                                (no ring)
                                (no ring)

@: no status effects
A: almost no armour, amphibious, 8 rings, camouflage 1, gelatinous body 1,
(nimble swimmer 1), tentacles
a: no special abilities


You were on level 5 of the Dungeon.
You visited 1 branch of the dungeon, and saw 5 of its levels.

You collected 254 gold pieces.

Inventory:

Hand Weapons
 o - a +2 spear of venom (weapon)
Scrolls
 c - a scroll of amnesia {unknown}
 d - a scroll of immolation {unknown}
 i - 3 scrolls of magic mapping {unknown}
 k - a scroll of noise {unknown}
 m - a scroll of fear {unknown}
Potions
 a - a potion of magic
 b - a potion of might {unknown}
 e - 5 potions of curing {unknown}
 f - 6 potions of heal wounds {unknown}
 g - a potion of ambrosia {unknown}
 h - 2 potions of lignification {unknown}
 j - 2 potions of degeneration {unknown}
 l - a potion of attraction {unknown}
 n - 3 potions of mutation {unknown}
 p - a potion of cancellation {unknown}


   Skills:
 + Level 1.0 Fighting
 + Level 0.1 Maces & Flails
 + Level 2.0 Polearms
 + Level 2.6 Dodging
 + Level 4.5 Stealth
 + Level 0.3 Unarmed Combat
 + Level 3.8 Spellcasting
 + Level 2.8 Conjurations
 + Level 4.2 Air Magic


You had 3 spell levels left.
You knew the following spells:

 Your Spells              Type           Power      Damage    Failure   Level
a - Shock                 Conj/Air       68%        1d7       3%          1
b - Static Discharge      Conj/Air       17%        N/A       4%          2
c - Swiftness             Air            19%        N/A       8%          3
d - Airstrike             Air            9%         N/A       24%         4

Your spell library contained the following spells:

 Spells                   Type           Power      Damage    Failure   Level
 Corpse Rot               Necr/Air       22%        N/A       9%          2
 Freeze                   Ice            12%        1d4       14%         1
 Summon Small Mammal      Summ           12%        N/A       14%         1
 Call Canine Familiar     Summ           3%         N/A       38%         3
 Frozen Ramparts          Ice            6%         1d2       38%         3
 Summon Guardian Golem    Hex/Summ       3%         N/A       38%         3
 Hailstorm                Conj/Ice       8%         3d4       61%         4
 Dispel Undead            Necr           3%         3d7       80%         4
 Death Channel            Necr           1%         N/A       100%        6


Dungeon Overview and Level Annotations

Branches:
Dungeon (5/15)
 Temple: D:4-7

Altars:
Lugonu

Portals:
Abyss: D:3

Annotations:
D:3 2 runed translucent doors
D:5 Edmund


Innate Abilities, Weirdness & Mutations

You cannot wear most types of armour.
You are amphibious.
You can wear up to eight rings at the same time.
Your skin changes colour to match your surroundings (Stealth+).
Your rubbery body absorbs attacks. (AC +1, EV +1)
((You are camouflaged when in or above water. (Stealth+)))
You have tentacles for arms and can constrict up to eight enemies at once.


Message History

You squeeze Edmund.
Edmund is lightly wounded.
You constrict Edmund, but do no damage.
Edmund hits you with a +1 flail of holy wrath.
Casting: Shock (safe; 3% risk of failure)
Confirm with . or Enter, or press ? or * to list all spells.
Edmund is struck by an arc of lightning.
Edmund is moderately wounded.
The lightning grounds out.
You constrict Edmund, but do no damage.
Edmund hits you with a +1 flail of holy wrath!
Unknown command.
Unknown command.
Casting: Static Discharge (safe; 4% risk of failure)
Confirm with . or Enter, or press ? or * to list all spells.
Edmund is struck by an arc of lightning.
Edmund is moderately wounded.
You are struck by an arc of lightning.
The lightning grounds out.
You constrict Edmund. Edmund closely misses you.
Unknown command.
Unknown command.
Casting: Static Discharge (safe; 4% risk of failure)
Confirm with . or Enter, or press ? or * to list all spells.
Edmund is struck by an arc of lightning!
Edmund is heavily wounded.
You are struck by an arc of lightning.
The lightning grounds out.
You constrict Edmund.
Edmund hits you with a +1 flail of holy wrath!
* * * LOW HITPOINT WARNING * * *
Unknown command.
Casting: Static Discharge (safe; 4% risk of failure)
Confirm with . or Enter, or press ? or * to list all spells.
Edmund is struck by an arc of lightning.
Edmund is almost dead.
You are struck by an arc of lightning.
* * * LOW HITPOINT WARNING * * *
Edmund is struck by an arc of lightning.
Edmund is almost dead.
The lightning grounds out.
You constrict Edmund.
Edmund hits you with a +1 flail of holy wrath!
You die...

............
.......$...
......$...#
..........####.
...............
............#
#....@....##
#....@.....#
##.........#
##........#
#...........
##..........
...........
#...........
......!.....


You could see Edmund (very poisoned).

Vanquished Creatures
  A sky beast (D:4)
  A black bear (D:4)
  A jelly (D:4)
  An orc wizard (D:4)
  Robin (D:2)
  5 adders
  3 gnolls
  An ufetubus (D:4)
  3 worms
  A dart slug (D:2)
  7 orcs
  4 ball pythons
  6 endoplasms
  2 giant cockroaches (D:4)
  17 goblins
  10 hobgoblins
  6 jackals (D:4)
  6 kobolds
  A quokka (D:4)
  8 bats
  3 frilled lizards
  8 rats
96 creatures vanquished.

Notes
Turn   | Place    | Note
-------+----------+-------------------------------------------
     0 | D:1      | Atlas the Octopode Air Elementalist began the quest for the
                  | Orb.
     0 | D:1      | Reached XP level 1. HP: 11/11 MP: 3/3
   231 | D:1      | Reached XP level 2. HP: 12/17 MP: 1/5
  1622 | D:2      | Found a faded altar of an unknown god.
  1626 | D:2      | Reached XP level 3. HP: 21/21 MP: 2/6
  1959 | D:1      | Learned a level 2 spell: Static Discharge
  1963 | D:1      | Learned a level 3 spell: Swiftness
  2227 | D:2      | Reached XP level 4. HP: 27/27 MP: 2/8
  2371 | D:2      | Noticed Robin
  2385 | D:2      | Killed Robin
  3163 | D:2      | Reached XP level 5. HP: 31/31 MP: 6/9
  3664 | D:3      | Found a large runed translucent door.
  3665 | D:3      | Found a large runed translucent door.
  3666 | D:3      | Found a corrupted altar of Lugonu.
  4026 | D:3      | Found a one-way gate to the infinite horrors of the Abyss.
  4594 | D:4      | Learned a level 4 spell: Airstrike
  4665 | D:4      | Noticed a black bear
  4735 | D:4      | Reached skill level 1 in Polearms
  5083 | D:4      | Killed a black bear
  5084 | D:4      | Reached XP level 6. HP: 9/37 MP: 1/11
  5882 | D:4      | Noticed a sky beast
  5888 | D:4      | Killed a sky beast
  5889 | D:4      | Reached skill level 1 in Fighting
  5889 | D:4      | Reached XP level 7. HP: 43/43 MP: 3/12
  6618 | D:5      | Entered Level 5 of the Dungeon
  6618 | D:5      | Noticed Edmund
  6623 | D:5      | Slain by Edmund

Illustrated notes

Levels and vault maps discovered:
D:1:      sevenhm_arrival_forest_fort_large_2, layout_loops_cross,
          roderic_serpentine_path, glass_columns_a, roderic_lattice_a
D:2:      layout_rooms, ebering_ecumenical_altar_abandoned, chequers_big_river,
          uniq_robin
D:3:      due_chaos_kobolds, layout_basic, minmay_misc_feat_columns
D:4:      layout_layer_cave, nicolae_figureground_sparkle
D:5:      layout_cave_pools, nicolae_shop_dragon_depot, uniq_edmund,
          uniq_crazy_yiuf_cottage, uniq_menkaure, uniq_pikel, uniq_sigmund

Skill      XL: |  1  2  3  4  5  6 |
---------------+-------------------+-----
Stealth        | 3 4 |  4.5
Spellcasting   | 3 |  3.8
Conjurations   | 2 |  2.8
Polearms       | 1 2 |  2.0
Air Magic      | 4 |  4.2
Fighting       | 1 |  1.0
Maces & Flails | |  0.1
Dodging        | |  2.6
Unarmed Combat | |  0.3

Action                   |  1- 3 |  4- 6 |  7- 9 || total
-------------------------+-------+-------+-------++-------
Melee: Unarmed           |    24 |     3 |       ||    27
       Constrict         |     5 |    18 |     2 ||    25
       Tentacles         |     3 |    14 |     2 ||    19
       Whip              |       |    12 |       ||    12
       Spear             |       |    54 |     7 ||    61
       Punch             |       |     1 |       ||     1
 Cast: Shock             |    48 |    76 |     5 ||   129
       Static Discharge  |     3 |    10 |     4 ||    17
       Swiftness         |       |     1 |       ||     1
       Airstrike         |       |     2 |       ||     2
 Stab: Sleeping          |     1 |     5 |     1 ||     7
Armor: Skin              |       |     4 |       ||     4
Dodge: Dodged            |    26 |    49 |     4 ||    79

Table legend: (Time is in decaauts)
 A = Elapsed time spent in this place.
 B = Non-inter-level travel time spent in this place.
 C = Inter-level travel time spent in this place.
 D = Time resting spent in this place.
 E = Time spent auto-exploring this place.
 F = Levels seen in this place.
 G = Mean time per level.
                   A        B        C        D        E       F      G
               +--------+--------+--------+--------+--------+-----+--------+
         Total |   6626 |   6437 |    189 |    164 |   5690 |   5 | 1325.2 |
       Dungeon |   6626 |   6437 |    189 |    164 |   5690 |   5 | 1325.2 |
               +--------+--------+--------+--------+--------+-----+--------+

Top non-repeatable levels by time:
     D:4: 2026 daAuts
     D:1: 1930 daAuts
     D:2: 1374 daAuts
     D:3: 1291 daAuts
     D:5: 4 daAuts
